 Dungeon Sprint DCSS version 0.19-a0-1532-g228a5d9 (webtiles) character file.

149 poirepourri the Covert (level 5, -2/24 HPs)
             Began as a Spriggan Enchanter on Sept 13, 2016.
             Was an Initiate of Dithmenos.
             Slain by a spriggan
             ... wielding a +1 vampiric rapier
              (13 damage)
             ... in the Dungeon (Sprint IV: "Fedhas' Mad Dash").
             The game lasted 00:00:52 (568 turns).

poirepourri the Covert (Spriggan Enchanter)          Turns: 568, Time: 00:00:52

Health: -2/24      AC:  3    Str:  4    XL:     5   Next: 9%
Magic:  7/13       EV: 21    Int: 17    God:    Dithmenos [......]
Gold:   56         SH:  0    Dex: 17    Spells: 4 memorised, 5 levels left

rFire  . . .     SeeInvis +     a - +1 dagger
rCold  . . .     Gourm    .     b - +1 robe
rNeg   . . .     Faith    .     (shield restricted)
rPois  .         Spirit   .     (helmet restricted)
rElec  .         Dismiss  .     (no cloak)
rCorr  .         Reflect  .     (gloves unavailable)
MR     .....     Harm     .     (boots unavailable)
Stlth  ++++++.... NoTele   +    k - amulet of invisibility {+Inv}
                                (no ring)
                                (no ring)

@: very slightly contaminated, very quick
A: unfitting armour, see invisible, herbivore 3, speed 3, slow metabolism 2
a: Renounce Religion, Evoke Invisibility


You were in the Dungeon.
You worshipped Dithmenos.
Dithmenos was noncommittal.
You were not hungry.

You visited 1 branch You collected 56 gold pieces.

Inventory:

Hand Weapons
 a - a +1 dagger (weapon)
Armour
 b - a +1 robe (worn)
Jewellery
 k - the amulet of invisibility (around neck) {+Inv}
   (You found it in the Dungeon)

   [amulet of nothing]

   It lets you turn invisible.
Scrolls
 j - a scroll of blinking
Potions
 e - a potion of curing
 f - a potion of heal wounds
 g - a potion of haste
 h - 2 potions of magic
 i - a potion of brilliance {unknown}
Books
 c - a book of Maledictions

   Spells                             Type                      Level
   a - Corona                         Hexes                        1
   b - Ensorcelled Hibernation        Hexes/Ice                    2
   c - Confuse                        Hexes                        3
   d - Tukima's Dance                 Hexes                        3
   e - Dazzling Spray                 Conjuration/Hexes            3
 l - a book of Air

   Spells                             Type                      Level
   a - Shock                          Conjuration/Air              1
   b - Swiftness                      Charms/Air                   2
   c - Repel Missiles                 Charms/Air                   2
   d - Static Discharge               Conjuration/Air              3
   e - Lightning Bolt                 Conjuration/Air              5
Comestibles
 d - a bread ration


   Skills:
 + Level 2.1 Short Blades
 + Level 5.5 Dodging
 + Level 11.2 Stealth
 + Level 5.0 Spellcasting
 + Level 7.6 Hexes


You had 5 spell levels left.
You knew the following spells:

 Your Spells              Type           Power        Failure   Level  Hunger
a - Corona                Hex            ####...      1%          1    None
b - Ensorcelled Hibernat  Hex/Ice        ###...       4%          2    #......
c - Confuse               Hex            ####....     1%          3    ###....
d - Tukima's Dance        Hex            ####....     1%          3    ###....


Dungeon Overview and Level Annotations

Branches:
Dungeon (1/1)

Altars:
Cheibriados
Dithmenos
Elyvilon
Gozag
Hepliaklqana
Kikubaaqudgha
Makhleb
Nemelex Xobeh
Okawaru
Qazlal
Ru
Sif Muna
Trog
Uskayaw
Vehumet
Xom
Yredelemnul
Zin
The Shining One
Beogh
Jiyva
Lugonu


Innate Abilities, Weirdness & Mutations

You are tiny and cannot use many weapons and most armour.
You have supernaturally acute eyesight. (SInv)
You are a herbivore.
You cover ground extremely quickly.
You need consume almost no food.


Message History

The scorpion resists with some effort.
Casting: Ensorcelled Hibernation
Confirm with . or Enter, or press ? or * to list all spells.
Aiming: Ensorcelled Hibernation
Press: ? - help, Shift-Dir - straight line, f/p - scorpion
Aim: a scorpion (chance to defeat MR: 48%)
You miscast Ensorcelled Hibernation.
You are very lightly contaminated with residual magic.
Your skin glows momentarily.
There is a corrupted altar of Lugonu here.
There is an ancient bone altar of Kikubaaqudgha here.
Casting: Ensorcelled Hibernation
Confirm with . or Enter, or press ? or * to list all spells.
Aiming: Ensorcelled Hibernation
Press: ? - help, Shift-Dir - straight line, f/p - scorpion
Aim: a scorpion (chance to defeat MR: 48%)
The spriggan resists with almost no effort.
The spriggan hits you with a vampiric rapier!
Ouch! That really hurt!
You die...

##############################
..#.....#.⌠._._._.s.⌠.#.['$..#
..'.#...'.._._._@i.i..'..#$.$#
÷.#.#...#..._._._._...#..###+#
######+##.._._._._._..#..#
#.⌠._._._._.⌠.####
###############


You could see 2 spriggans and a scorpion.

Vanquished Creatures
  3 oklob saplings (D)
  A worker ant (D)
  A river rat (D)
  A rat (D)
6 creatures vanquished.

Notes
Turn   | Place    | Note
-------+----------+-------------------------------------------
     0 | D        | poirepourri the Spriggan Enchanter began the quest for the Orb.
     0 | D        | Reached XP level 1. HP: 9/9 MP: 5/5
     8 | D        | Reached skill level 7 in Stealth
     8 | D        | Reached XP level 2. HP: 13/13 MP: 6/6
    14 | D        | Learned a level 2 spell: Ensorcelled Hibernation
    15 | D        | Noticed an oklob sapling
    21 | D        | Killed an oklob sapling
    21 | D        | Reached skill level 8 in Stealth
    21 | D        | Reached skill level 5 in Hexes
    21 | D        | Reached XP level 3. HP: 16/16 MP: 6/8
    31 | D        | Reached skill level 9 in Stealth
   391 | D        | Learned a level 3 spell: Confuse
   395 | D        | Learned a level 3 spell: Tukima's Dance
   398 | D        | Found an opulent altar of Gozag.
   398 | D        | Found a hazy altar of Hepliaklqana.
   398 | D        | Found a burning altar of Makhleb.
   398 | D        | Found a roughly hewn altar of Beogh.
   398 | D        | Found a sparkling altar of Nemelex Xobeh.
   398 | D        | Found a snail-covered altar of Cheibriados.
   398 | D        | Found a sacrificial altar of Ru.
   398 | D        | Found a deep blue altar of Sif Muna.
   398 | D        | Found a shimmering altar of Xom.
   398 | D        | Found a basalt altar of Yredelemnul.
   399 | D        | Found a viscous altar of Jiyva.
   399 | D        | Found a bloodstained altar of Trog.
   399 | D        | Noticed an oklob sapling priest
   400 | D        | Found an iron altar of Okawaru.
   400 | D        | Found a shadowy altar of Dithmenos.
   400 | D        | Found a glowing silver altar of Zin.
   401 | D        | Found a hide-covered altar of Uskayaw.
   401 | D        | Found an ancient bone altar of Kikubaaqudgha.
   402 | D        | Found a stormy altar of Qazlal.
   402 | D        | Found a glowing golden altar of the Shining One.
   402 | D        | Found a white marble altar of Elyvilon.
   403 | D        | Found a radiant altar of Vehumet.
   403 | D        | Found a corrupted altar of Lugonu.
   406 | D        | Killed an oklob sapling priest
   406 | D        | Reached skill level 5 in Dodging
   406 | D        | Reached skill level 10 in Stealth
   406 | D        | Reached XP level 4. HP: 21/21 MP: 9/11
   411 | D        | Became a worshipper of Dithmenos the Shadowed
   434 | D        | Reached skill level 11 in Stealth
   434 | D        | Reached skill level 5 in Spellcasting
   434 | D        | Reached XP level 5. HP: 24/24 MP: 8/13
   568 | D        | Slain by a spriggan

Vault maps used:
D:        dungeon_sprint_fedhas

Skill      XL: |  1  2  3  4 |
---------------+-------------+-----
Stealth        | 7 8 10 11 | 11.2
Dodging        | 4 5 |  5.5
Spellcasting   | 3 4 5 |  5.0
Hexes          | 5 7 |  7.6
Short Blades   | 2 |  2.1

Action                   |  1- 3 |  4- 6 || total
-------------------------+-------+-------++-------
Melee: Dagger            |    12 |     5 ||    17
 Cast: Ensorcelled Hiber |     1 |     2 ||     3
       Confuse           |       |     1 ||     1
  Use: Potion            |     1 |       ||     1
 Stab: Sleeping          |     4 |       ||     4
       Confused          |       |     1 ||     1
Dodge: Dodged            |     1 |     2 ||     3
